Cogmind - Beta 10.2 @@@ ROGUE MODE // 2020.11.03 @ 23:43:01 // AFD2020/Player2 Player: Terminus Result: Core destroyed Performance ------------- Evolutions (7) 3500 Regions Visited (28) 5600 Robots Destroyed (176) 880 Value Destroyed (8294) 8294 Prototype IDs (49) 980 Alien Tech Used (7) 1400 Bonus (17410) 17410 TOTAL SCORE: 38064 Bonus ------- Triggered High Security 500 High Alert Combat Kills 3075 Follower Combat Kills 10042 Network Hubs Disabled 200 Met Data Miner 300 Met Imprinter 300 Was Imprinted 300 Met Zhirov 300 Used Core Reset Matrix 3000 Met Sigix 2000 Friendly Fire -2607 Cogmind --------- Core Integrity 0/1300 Matter 290/300 Energy 1000/1000 System Corruption 2% Temperature Cool (0) Movement Hovering (68) Location -3/Section 7 Parts ------- > --- POWER (2) -------- Micro Fission Core Mini Fusion Reactor > --- PROPULSION (4) --- Combat Gravmag System Combat Gravmag System Combat Gravmag System Combat Antigrav System > --- UTILITY (13) ----- Experimental Cooling System Experimental Cooling System Large Storage Unit Large Storage Unit Large Storage Unit Advanced Energy Well Advanced Signal Interpreter Advanced Targeting Computer Improved Armor Integrity Analyzer Advanced Transmission Jammer Heavy Regenerative Plating > --- WEAPON (3) ------- Zionite Phaser-M > --- INVENTORY (22) --- Neutrino Core Combat Gravmag System Zionite Biocell (1000) Experimental Phase Shifter EM Dispersion Field Advanced Force Field System Restoration Module Thief Drone Bay (0/3) High-powered Transdimensional Reconstructor Integrity Redistributor Subatomic Replicator Advanced Variable Charge Gun HERF Cannon Proton Missile Launcher Proton Missile Launcher Improved Plasma Cutter Sigix Containment Pod Peak State ------------ > --- POWER ------------ Micro Fission Core Mini Fusion Reactor > --- PROPULSION ------- Combat Gravmag System Combat Gravmag System Combat Gravmag System Combat Antigrav System > --- UTILITY ---------- Advanced Cooling System Advanced Cooling System Large Storage Unit Large Storage Unit Large Storage Unit Advanced Energy Well Long-range Sensor Array Advanced Signal Interpreter Advanced Targeting Computer Improved Armor Integrity Analyzer Centrium Medium Armor Plating EM Dispersion Field Experimental Force Field > --- WEAPON ----------- Zionite Phaser-M Zionite Phaser-M Zionite Phaser-M > --- INVENTORY -------- Neutrino Core Combat Gravmag System Zionite Biocell Advanced Transmission Jammer Experimental Phase Shifter Zionite Weapon Casing Zionite Weapon Casing Advanced Force Field System Restoration Module Thief Drone Bay High-powered Transdimensional Reconstructor Integrity Redistributor Subatomic Replicator Advanced Variable Charge Gun HERF Cannon Proton Missile Launcher Proton Missile Launcher Improved Plasma Cutter Sigix Containment Pod [Rating: 149] Favorites ----------- Power Improved Deuterium Engine Engine Improved Deuterium Engine Power Core Micro Fission Core Reactor Mini Fusion Reactor Propulsion Combat Gravmag System Leg Armored Leg Hover Unit Combat Gravmag System Utility Large Storage Unit Device Cooling System Storage Large Storage Unit Processor Advanced Signal Interpreter Hackware Hacking Suite Protection Improved Medium Armor Plating Weapon Zionite Phaser-M Energy Gun Zionite Phaser-M Energy Cannon Advanced Plasma Cannon Ballistic Gun Assault Rifle Launcher Missile Launcher Special Weapon Improved Plasma Cutter Slashing Weapon Axe Build | -11 -10 -10 -9 -9 -8 -7 -7 -7 -7 -6 -6 -6 -6 -6 -5 -5 -5 -5 -5 -4 -4 -4 -4 -4 -4 -3 -3 -3 ------- Run | Scr Mat Min Mat Min Mat Fac Low Low Dat Pro Fac Low Low Zio Pro Fac Upp Upp Zhi Pro Fac Ext Cet Arc Hub Res Qua Sec Slots Evolved 14 | . . . 2 . 2 2 . . . . 2 . . . . 2 . . . . 2 . . . . 2 . . Power . | . . . . . . . . . . . . . . . . . . . . . . . . . . . . . Propulsion 2 | . . . . . 1 . . . . . . . . . . 1 . . . . . . . . . . . . Utility 11 | . . . 2 . 1 2 . . . . 2 . . . . 1 . . . . 1 . . . . 2 . . Weapon 1 | . . . . . . . . . . . . . . . . . . . . . 1 . . . . . . . Parts Attached 255 | 6 5 1 14 1 25 17 2 4 . 3 23 3 1 . . 29 7 . 7 . 29 5 9 2 4 21 23 14 Power 19 | 1 . . 1 . . 3 . 1 . . 2 . . . . 3 3 . . . 1 2 . . . 2 . . Engine 11 | 1 . . 1 . . 2 . 1 . . 2 . . . . 2 2 . . . . . . . . . . . Core 7 | . . . . . . 1 . . . . . . . . . 1 1 . . . 1 2 . . . 1 . . Reactor 1 | . . . . . . . . . . . . . . . . . . . . . . . . . . 1 . . Propulsion 32 | 2 . . 5 . 3 3 1 . . . 3 . . . . 5 . . . . 3 . . . . 6 1 . Treads . | . . . . . . . . . . . . . . . . . . . . . . . . . . . . . Leg 17 | 2 . . 5 . 3 3 1 . . . 3 . . . . . . . . . . . . . . . . . Wheel . | . . . . . . . . . . . . . . . . . . . . . . . . . . . . . Hover 15 | . . . . . . . . . . . . . . . . 5 . . . . 3 . . . . 6 1 . Flight . | . . . . . . . . . . . . . . . . . . . . . . . . . . . . . Utility 110 | 1 2 . 4 . 11 5 . 1 . 1 12 2 . . . 10 2 . 5 . 12 3 2 . 3 6 16 12 Device 50 | . 1 . 2 . 1 2 . 1 . . 4 . . . . 5 2 . 3 . 5 1 . . 3 3 9 8 Storage 19 | 1 1 . 1 . 4 . . . . 1 3 . . . . 2 . . 2 . 1 . . . . 1 2 . Processor 6 | . . . . . . . . . . . 1 1 . . . 2 . . . . 1 . 1 . . . . . Hackware 4 | . . . . . . 1 . . . . 3 . . . . . . . . . . . . . . . . . Protection 31 | . . . 1 . 6 2 . . . . 1 1 . . . 1 . . . . 5 2 1 . . 2 5 4 Artifact . | . . . . . . . . . . . . . . . . . . . . . . . . . . . . . Weapon 94 | 2 3 1 4 1 11 6 1 2 . 2 6 1 1 . . 11 2 . 2 . 13 . 7 2 1 7 6 2 Energy Gun 40 | . . . 3 1 4 . . . . . . . . . . 1 . . . . 11 . 4 2 1 7 5 1 Energy Cannon 32 | . . . 1 . 6 6 1 1 . 1 4 . . . . 8 1 . 1 . 2 . . . . . . . Ballistic Gun 8 | 2 3 1 . . 1 . . . . . . . . . . . . . . . . . 1 . . . . . Ballistic Cannon . | . . . . . . . . . . . . . . . . . . . . . . . . . . . . . Launcher 7 | . . . . . . . . . . . 1 1 . . . 1 1 . . . . . 2 . . . . 1 Special Weapon 2 | . . . . . . . . . . . . . . . . . . . 1 . . . . . . . 1 . Impact Weapon . | . . . . . . . . . . . . . . . . . . . . . . . . . . . . . Slashing Weapon 5 | . . . . . . . . 1 . 1 1 . 1 . . 1 . . . . . . . . . . . . Piercing Weapon . | . . . . . . . . . . . . . . . . . . . . . . . . . . . . . Special Melee Weapon . | . . . . . . . . . . . . . . . . . . . . . . . . . . . . . Unidentified Prototypes 29 | . . . 2 . 4 1 . 1 . . 1 . . . . 3 . . 3 . 4 . 2 1 . 1 4 2 Parts Lost 21 | . . . . . . . . . . . 3 1 . . . . 1 . 1 . 2 . 1 . 1 . 4 7 Power 1 | . . . . . . . . . . . . . . . . . 1 . . . . . . . . . . . Propulsion 1 | . . . . . . . . . . . . . . . . . . . . . . . . . . . 1 . Utility 14 | . . . . . . . . . . . 3 1 . . . . . . . . 1 . 1 . . . 3 5 Weapon 5 | . . . . . . . . . . . . . . . . . . . 1 . 1 . . . 1 . . 2 Highest Loss Streak 3 | . . . . . . . . . . . 2 1 . . . . 1 . 1 . 2 . 1 . 1 . 3 3 Average Slot Usage (%) 99 | . 87 100 99 100 99 99 100 99 100 100 99 100 100 100 100 99 100 100 99 100 99 100 99 100 99 98 99 95 Engine 6 | . 14 14 11 11 9 1 . 1 7 7 7 12 12 12 12 7 5 5 5 5 . . . . . . . . Core 3 | . . . . . . 5 7 7 7 7 4 . . . . 2 5 5 5 5 9 10 10 10 10 6 4 4 Leg 13 | . 28 28 21 22 27 22 23 22 21 21 18 18 18 18 18 . . . . . . . . . . . . . Hover 7 | . . . . . . . . . . . . . . . . 22 22 22 22 22 19 20 20 20 20 17 18 18 Device 12 | . . . 11 11 8 14 15 14 14 14 11 12 12 12 12 15 16 16 15 16 15 15 15 15 14 17 18 15 Storage 19 | . 16 28 22 22 26 23 23 22 21 21 18 18 18 18 18 16 16 16 16 16 15 15 15 15 15 13 17 18 Processor 8 | . . . . . . . . . . . 4 12 12 12 12 13 16 16 16 16 18 15 18 20 20 18 13 13 Hackware 3 | . . . . . . 7 7 7 7 7 13 6 6 6 6 2 . . . . . . . . . . . . Protection 6 | . . . 11 11 9 6 7 7 7 7 6 6 6 6 6 4 5 5 5 5 5 10 5 5 5 8 8 8 Energy Gun 5 | . . . 17 22 4 . . . . . . . . . . . . . . . 13 15 13 15 15 12 12 12 Energy Cannon 6 | . . . . . 13 14 15 14 14 8 11 7 2 . . 10 10 11 10 11 . . . . . . . . Ballistic Gun 1 | . 28 28 3 . . . . . . . . . . . . . . . . . . . . . . . . . Naked Turns . | . . . . . . . . . . . . . . . . . . . . . . . . . . . . . Heaviest Build 124 | 13 21 21 36 36 73 74 63 73 73 81 124 124 123 119 119 99 96 95 95 95 96 88 89 84 87 90 104 105 Greatest Support 105 | 20 20 20 26 26 47 55 58 58 58 58 64 60 60 60 60 100 100 100 100 100 100 100 100 100 100 105 105 105 Greatest Overweight (x) 3 | 1 1 1 2 1 1 1 1 1 1 1 2 2 2 1 1 . . . . . 1 . . . . 3 . . Average Overweight (x) . | . . 1 1 1 . 1 1 . 1 1 1 2 1 1 1 . . . . . . . . . . . . . Largest Inventory Capacity 24 | 6 10 10 12 12 18 18 18 18 18 20 24 24 24 24 24 24 22 22 22 22 22 22 22 22 22 22 22 22 Average Capacity 19 | 5 6 10 10 12 16 18 18 18 18 18 22 24 24 24 24 22 22 22 22 22 22 22 22 22 22 22 22 22 Most Carried 24 | 1 10 10 12 12 18 18 18 18 17 19 24 24 24 24 24 23 22 22 22 21 22 22 22 22 22 21 22 21 Average Carried 18 | . 5 9 10 11 15 17 18 17 17 17 21 23 23 24 23 20 21 22 21 21 21 21 21 21 21 20 21 19 Final Capacity 24 | 6 10 10 12 12 18 18 18 18 18 20 24 24 24 24 24 22 22 22 22 22 22 22 22 22 22 22 22 22 Final Carried 24 | 1 10 10 12 12 18 18 18 17 17 19 24 23 24 24 24 22 22 22 21 21 21 22 21 22 22 21 20 18 Class Distribution -------------------- 34% | Mutant 32% | Hauler-Mutant 13% | Scavenger-Gunner 4% | Machinist-Mutant 4% | Scavenger-Skirmisher 4% | Scavenger-Mutant Dominant Class ---------------- Mutant | -10/Materials Mutant | -10/Mines Mutant | -9/Materials Mutant | -9/Mines Mutant | -8/Materials Mutant | -7/Factory Mutant | -7/Lower Caves Mutant | -7/Lower Caves Mutant | -7/Data Miner Mutant | -6/Proximity Caves Hauler-Mutant | -6/Factory Hauler-Mutant | -6/Lower Caves Hauler-Mutant | -6/Lower Caves Hauler-Mutant | -6/Zion Hauler-Mutant | -5/Proximity Caves Machinist-Mutant | -5/Factory Hauler-Mutant | -5/Upper Caves Hauler-Mutant | -5/Upper Caves Hauler-Mutant | -5/Zhirov Hauler-Mutant | -4/Proximity Caves Hauler-Gunner | -4/Factory Scavenger-Skirmisher | -4/Extension Scavenger-Gunner | -4/Cetus Scavenger-Gunner | -4/Archives Scavenger-Gunner | -4/Hub_04(d) Scavenger-Gunner | -3/Research Scavenger-Gunner | -3/Quarantine Scavenger-Gunner | -3/Section 7 Resources | -11 -10 -10 -9 -9 -8 -7 -7 -7 -7 -6 -6 -6 -6 -6 -5 -5 -5 -5 -5 -4 -4 -4 -4 -4 -4 -3 -3 -3 ----------- Run | Scr Mat Min Mat Min Mat Fac Low Low Dat Pro Fac Low Low Zio Pro Fac Upp Upp Zhi Pro Fac Ext Cet Arc Hub Res Qua Sec Matter Collected 3510 | 269 159 106 256 10 311 172 20 . . 70 235 64 23 66 51 368 65 . . 75 260 80 115 20 65 210 220 220 Remotely . | . . . . . . . . . . . . . . . . . . . . . . . . . . . . . Salvage Created 8674 | 93 259 66 504 110 957 312 . 41 . . 963 109 132 . 63 847 134 64 . 246 921 349 201 . 188 371 419 1325 Parts 398 | 1 19 6 35 14 38 14 . 1 . . 51 8 5 . 6 34 8 1 . 9 26 10 10 . 12 14 12 64 Haulers Intercepted 8 | . 1 . 1 . 3 1 . . . . . . . . . . . . . . 1 . . . . . 1 . Recyclers Shooed 7 | . . . . . 1 1 . . . . 2 . . . . . . . . . 1 . . . . 1 . 1 Parts Field Recycled . | . . . . . . . . . . . . . . . . . . . . . . . . . . . . . Retrieved Matter . | . . . . . . . . . . . . . . . . . . . . . . . . . . . . . Parts Self-Destructed 73 | . . . . . . . . 1 . 2 . 10 8 . 12 . 27 3 3 7 . . . . . . . . Prevented . | . . . . . . . . . . . . . . . . . . . . . . . . . . . . . Kills | -11 -10 -10 -9 -9 -8 -7 -7 -7 -7 -6 -6 -6 -6 -6 -5 -5 -5 -5 -5 -4 -4 -4 -4 -4 -4 -3 -3 -3 ------- Run | Scr Mat Min Mat Min Mat Fac Low Low Dat Pro Fac Low Low Zio Pro Fac Upp Upp Zhi Pro Fac Ext Cet Arc Hub Res Qua Sec Combat Hostiles Destroyed 127 | . 5 3 9 4 14 3 . 1 . . 14 8 7 . 5 10 3 1 . 3 9 2 2 . 3 2 1 18 Melee 2 | . . . . . . . . . . . . . 1 . 1 . . . . . . . . . . . . . Guns 50 | . 5 3 7 3 3 . . . . . . . . . . . . . . . 7 2 . . 3 2 1 14 Cannons 46 | . . . . . 10 3 . 1 . . 14 3 . . . 8 3 1 . 3 . . . . . . . . AOE 21 | . . . 2 1 . . . . . . . 5 6 . 4 1 . . . . . . . . . . . 2 Classes Destroyed 16 | 1 5 . 3 . 3 1 . . . . 1 . . . . 1 . . . . 1 . . . . . . . Worker 7 | . . . . . 1 1 . . . . . . . . . 1 . . . . 2 . . . . 1 . 1 Builder 8 | . . . 1 . . . . . . . 2 . . . . 1 . . . . 1 . . . . 1 . 2 Tunneler 2 | . 1 . . . . . . . . . . . . . . . . . . . 1 . . . . . . . Hauler 8 | . 1 . 1 . 3 1 . . . . . . . . . . . . . . 1 . . . . . 1 . Recycler 10 | 1 1 . . . 1 1 . . . . . . . . . 1 . . . . 1 2 . . . 1 1 . Mechanic 1 | . . . . . . . . . . . . . . . . . . . . . 1 . . . . . . . Operator 3 | . 1 . . . 1 . . . . . . . . . . . . . . . . . . . . . . 1 Watcher 7 | . . . . . 2 . . . . . . . . . . . . . . . . . 1 . . 1 2 1 Swarmer 35 | . 4 2 . 3 1 . . . . . . 8 5 . 4 2 1 . . . 1 1 . . 1 . . 2 Grunt 39 | . 1 1 5 1 8 . . . . . 7 . 2 . . 2 1 1 . . 2 1 . . . . . 7 Brawler 3 | . . . 1 . . . . . . . . . . . . 1 . . . . 1 . . . . . . . Duelist 3 | . . . . . . . . . . . 1 . . . . . . . . . 1 . . . . . . 1 Protector 1 | . . . . . . . . . . . . . . . . 1 . . . . . . . . . . . . Sentry 20 | . . . 3 . 4 1 . . . . 2 . . . . 3 . . . . 2 . . . 2 2 . 1 Hunter 16 | . . . . . 1 1 . 1 . . 4 . . . . . . . . 3 2 . . . . . . 4 Programmer 5 | . . . . . . 1 . . . . . . . . 1 1 1 . . . . . . . . . . 1 Cetus Guard 2 | . . . . . . . . . . . . . . . . . . . . . . . 2 . . . . . S7 Guard 2 | . . . . . . . . . . . . . . . . . . . . . . . . . . . . 2 Enhanced Grunt 1 | . . . . . . . . . . . 1 . . . . . . . . . . . . . . . . . Lightning 1 | . . . . . . . . . . . . . . . . . . . . . . . . . . . 1 . Thug 1 | . . . . 1 . . . . . . . . . . . . . . . . . . . . . . . . Wizard 1 | . . . . . . . . . . . . . . . . 1 . . . . . . . . . . . . Best Kill Streak 9 | 1 3 2 2 2 6 1 . 1 . . 2 3 3 . 4 4 1 1 . 2 5 2 3 . 1 2 2 9 Combat Bots Only 7 | . 2 2 2 2 5 1 . 1 . . 2 3 3 . 4 4 1 1 . 2 3 1 2 . 1 1 1 7 Max Kills in Single Turn 3 | 1 2 1 1 1 1 1 . 1 . . 1 2 3 . 2 2 1 1 . 1 2 1 1 . 1 1 1 1 Gunslinging 1 | . . . . . . . . . . . . . . . . . . . . . 1 . . . . . . . Exploded 3 | . . . 1 1 . . . . . . . 2 3 . 2 1 . . . . . . . . . . . 1 Melee 1 | . . . . . . . . . . . . . 1 . 1 . . . . . . . . . . . . . Uniques/NPCs Destroyed . | . . . . . . . . . . . . . . . . . . . . . . . . . . . . . Combat | -11 -10 -10 -9 -9 -8 -7 -7 -7 -7 -6 -6 -6 -6 -6 -5 -5 -5 -5 -5 -4 -4 -4 -4 -4 -4 -3 -3 -3 -------- Run | Scr Mat Min Mat Min Mat Fac Low Low Dat Pro Fac Low Low Zio Pro Fac Upp Upp Zhi Pro Fac Ext Cet Arc Hub Res Qua Sec Damage Taken 8251 | . 206 228 231 247 271 400 . . . 30 1226 90 150 . 77 283 155 38 41 108 836 450 146 . 323 380 1058 1277 Core 935 | . 93 43 26 42 44 41 . . . 8 112 21 56 . 11 24 38 . . 24 17 . 23 . 43 88 37 144 Absorbed by Shields 386 | . . . . . . . . . . . . . . . . . . . . . . . . . . . . 386 Core Remaining (%) 62 | 100 . 12 . 51 79 . . . . 80 . . . . 21 . . . . 79 . . . . 78 . . . Volleys Fired 600 | 6 30 14 29 9 57 19 . 2 . . 72 11 11 . 5 25 20 6 1 14 57 18 4 . 18 24 57 91 Largest 3 | 2 2 2 2 2 2 2 . 2 . . 2 2 1 . 1 2 2 2 1 2 3 3 2 . 3 3 3 3 Hottest 243 | 40 40 40 90 90 150 150 . 140 . . 140 130 65 . 36 196 196 196 20 196 243 148 78 . 177 219 240 219 Shots Fired 1341 | 12 60 28 58 18 114 38 . 4 . . 143 18 11 . 5 50 35 11 1 28 136 54 6 . 50 62 160 239 Gun 899 | 12 60 28 58 18 32 . . . . . . . . . . . . . . . 135 54 . . 50 62 160 230 Cannon 406 | . . . . . 82 38 . 4 . . 142 13 2 . . 50 35 11 . 28 1 . . . . . . . Launcher 35 | . . . . . . . . . . . 1 5 9 . 5 . . . . . . . 6 . . . . 9 Special 1 | . . . . . . . . . . . . . . . . . . . 1 . . . . . . . . . Kinetic 110 | 12 60 28 10 . . . . . . . . . . . . . . . . . . . . . . . . . Thermal 650 | . . . . . 110 38 . 4 . . 142 13 2 . . 46 35 11 1 28 129 54 . . 36 . 1 . Explosive 19 | . . . . . . . . . . . . 5 9 . 5 . . . . . . . . . . . . . Electromagnetic 90 | . . . 48 18 4 . . . . . 1 . . . . 4 . . . . . . 6 . . . . 9 Phasic 472 | . . . . . . . . . . . . . . . . . . . . . 7 . . . 14 62 159 230 Robot Hit Streak 23 | 3 6 6 8 4 10 8 . 3 . . 11 3 1 . 2 9 22 23 6 6 9 18 9 . 11 21 15 16 Robot Miss Streak 6 | 2 4 3 5 3 4 1 . . . . 3 3 3 . 1 6 . 4 . 2 4 3 1 . 3 3 3 4 Penetration Max . | . . . . . . . . . . . . . . . . . . . . . . . . . . . . . Secondary Targets 10 | . 1 . 1 . 2 . . . . . . . . . . . . . . . 2 . . . . 1 . 3 Max Gunslinging Chain 1 | . 1 . 1 . 1 . . . . . . . . . . . . . . . 1 . . . . 1 . 1 Shots Hit Robots 754 | 7 34 14 31 8 63 28 . 3 . . 94 7 3 . 3 35 15 6 1 12 81 43 3 . 29 38 75 121 Core Hits 365 | 2 15 4 14 7 28 13 . 2 . . 34 12 11 . 8 20 6 2 . 5 37 19 11 . 8 15 30 62 Critical Hits 4 | . . . . . 1 . . . . . . 1 . . . 1 . . 1 . . . . . . . . . Critical Kills 1 | . . . . . 1 . . . . . . . . . . . . . . . . . . . . . . . Critical Parts Destroyed 2 | . . . . . . . . . . . . 1 . . . 1 . . . . . . . . . . . . Melee Attacks 21 | . . . . . . . . 1 . 5 2 . 5 . 1 7 . . . . . . . . . . . . Impact . | . . . . . . . . . . . . . . . . . . . . . . . . . . . . . Slashing 21 | . . . . . . . . 1 . 5 2 . 5 . 1 7 . . . . . . . . . . . . Piercing . | . . . . . . . . . . . . . . . . . . . . . . . . . . . . . Sneak Attacks 1 | . . . . . . . . . . . . . . . 1 . . . . . . . . . . . . . Combat Hostiles 1 | . . . . . . . . . . . . . . . 1 . . . . . . . . . . . . . Follow-up Attacks . | . . . . . . . . . . . . . . . . . . . . . . . . . . . . . Damage Inflicted 25420 | 70 504 179 542 580 1661 693 . 72 . . 2717 479 679 . 648 1299 496 195 20 416 1831 938 465 . 810 1564 3305 5257 Guns 14116 | 70 504 179 456 102 461 . . . . . . . . . . . . . . . 1831 938 . . 754 1564 3305 3952 Cannons 6988 | . . . . . 1200 671 . 72 . . 2625 133 . . . 1180 496 195 . 416 . . . . . . . . Explosions 4070 | . . . 86 478 . . . . . . 92 346 645 . 540 57 . . . . . . 465 . 56 . . 1305 Melee 204 | . . . . . . . . . . . . . 34 . 108 62 . . . . . . . . . . . . Ramming 22 | . . . . . . 22 . . . . . . . . . . . . . . . . . . . . . . Kinetic 821 | 70 504 179 68 . . . . . . . . . . . . . . . . . . . . . . . . . Thermal 11676 | . . . 86 478 1599 671 . 72 . . 2625 133 . . . 1138 496 195 20 416 1831 938 . . 555 . . 423 Explosive 1531 | . . . . . . . . . . . . 346 645 . 540 . . . . . . . . . . . . . Electromagnetic 2146 | . . . 388 102 62 . . . . . 92 . . . . 99 . . . . . . 465 . 56 . . 882 Impact . | . . . . . . . . . . . . . . . . . . . . . . . . . . . . . Slashing 204 | . . . . . . . . . . . . . 34 . 108 62 . . . . . . . . . . . . Piercing . | . . . . . . . . . . . . . . . . . . . . . . . . . . . . . Phasic 9020 | . . . . . . . . . . . . . . . . . . . . . . . . . 199 1564 3305 3952 Highest Corruption 7 | . . . 1 1 3 . . . . . . . . . . 2 2 2 2 2 . 2 2 2 4 . 7 2 Average Corruption 2 | . . . 1 1 2 . . . . . . . . . . 2 2 2 2 2 . 2 2 2 3 . 4 1 Corruption Purged . | . . . . . . . . . . . . . . . . . . . . . . . . . . . . . Effects 79 | . . . 3 2 25 . . . . . . . . . . 12 7 3 1 . . 3 2 2 8 . 4 7 Message Errors 27 | . . . 2 . 7 . . . . . . . . . . 3 5 1 . . . 2 2 2 1 . . 2 Matter Fused 10 | . . . . . 7 . . . . . . . . . . . . . . . . . . . 3 . . . Heat Flow Errors 11 | . . . . . 5 . . . . . . . . . . 1 . 1 1 . . 1 . . 1 . . 1 Energy Discharges 13 | . . . . 1 2 . . . . . . . . . . 4 2 . . . . . . . 2 . . 2 Data Loss (minor) 8 | . . . . 1 2 . . . . . . . . . . 3 . . . . . . . . . . 1 1 Misfires 1 | . . . . . . . . . . . . . . . . . . . . . . . . . . . 1 . Targeting Errors 7 | . . . 1 . 2 . . . . . . . . . . 1 . . . . . . . . . . 2 1 Weapon Failures 2 | . . . . . . . . . . . . . . . . . . 1 . . . . . . 1 . . . Overload Shots 6 | . . . . . . . . . . . . . . . . . . . . . 4 . . . 1 . 1 . Effects 1 | . . . . . . . . . . . . . . . . . . . . . 1 . . . . . . . Short Circuit 1 | . . . . . . . . . . . . . . . . . . . . . 1 . . . . . . . Overflow Damage 208 | . . . . 37 21 . . 17 . . 41 20 17 . 14 7 . . . . . . . . 25 . . 9 Projectiles 86 | . . . . . 21 . . 17 . . 41 . . . . 7 . . . . . . . . . . . . Explosions 122 | . . . . 37 . . . . . . . 20 17 . 14 . . . . . . . . . 25 . . 9 Melee . | . . . . . . . . . . . . . . . . . . . . . . . . . . . . . Knockbacks . | . . . . . . . . . . . . . . . . . . . . . . . . . . . . . Impact . | . . . . . . . . . . . . . . . . . . . . . . . . . . . . . Kinetic . | . . . . . . . . . . . . . . . . . . . . . . . . . . . . . Secondary . | . . . . . . . . . . . . . . . . . . . . . . . . . . . . . Self-Inflicted Damage 247 | . . . . 80 . . . . . . . . 75 . . . . . . . . . . . 92 . . . Shots 5 | . . . . 2 . . . . . . . . 2 . . . . . . . . . . . 1 . . . Rammed . | . . . . . . . . . . . . . . . . . . . . . . . . . . . . . Targets Rammed 1 | . . . . . . 1 . . . . . . . . . . . . . . . . . . . . . . Kicked 1 | . . . . . . 1 . . . . . . . . . . . . . . . . . . . . . . Crushed . | . . . . . . . . . . . . . . . . . . . . . . . . . . . . . Highest Temperature 331 | . 2 10 3 3 269 12 . . . . 180 72 . . . 331 252 203 109 264 299 167 . . 55 206 48 219 Average Temperature 59 | . 2 4 3 3 38 6 . . . . 35 38 . . . 92 84 87 60 113 116 87 . . 55 76 19 39 Received Heat Transfer 1157 | . 69 75 84 6 117 12 . . . . 258 . . . . 27 63 18 12 . 114 42 18 . 27 66 45 104 Effects 3 | . . . . . . . . . . . . . . . . 2 . . . . 1 . . . . . . . Shutdowns 1 | . . . . . . . . . . . . . . . . 1 . . . . . . . . . . . . Energy Bleed 1 | . . . . . . . . . . . . . . . . . . . . . 1 . . . . . . . Short Circuit 1 | . . . . . . . . . . . . . . . . 1 . . . . . . . . . . . . Siege Activations . | . . . . . . . . . . . . . . . . . . . . . . . . . . . . . Robots Corrupted 5 | . . . . . . . . . . . . . . . . 1 . . . . . . 2 . . . . 2 Combat Hostiles 5 | . . . . . . . . . . . . . . . . 1 . . . . . . 2 . . . . 2 Parts Fried 5 | . . . 1 . . . . . . . . . . . . 1 . . . . . . 2 . . . . 1 Impact Corruptions . | . . . . . . . . . . . . . . . . . . . . . . . . . . . . . Robots Melted 4 | . . . . . 1 . . . . . . . . . . . . . . . 3 . . . . . . . Combat Hostiles 3 | . . . . . 1 . . . . . . . . . . . . . . . 2 . . . . . . . Parts Melted 23 | . 1 . . . 2 . . . . . 10 . . . . 2 . . . . 5 2 . . 1 . . . Heat Transferred 17361 | . . . 50 424 2348 1088 . 124 . . 3644 157 . . . 1585 700 300 37 650 3170 1750 . . 909 . . 425 Parts Sabotaged . | . . . . . . . . . . . . . . . . . . . . . . . . . . . . . Parts Stolen . | . . . . . . . . . . . . . . . . . . . . . . . . . . . . . Parts Stripped . | . . . . . . . . . . . . . . . . . . . . . . . . . . . . . Power Chain Reactions 5 | . . . 2 1 . . . . . . . . . . . . . . . . . . . . . . . 2 Missiles Intercepted . | . . . . . . . . . . . . . . . . . . . . . . . . . . . . . Alert | -11 -10 -10 -9 -9 -8 -7 -7 -7 -7 -6 -6 -6 -6 -6 -5 -5 -5 -5 -5 -4 -4 -4 -4 -4 -4 -3 -3 -3 ------- Run | Scr Mat Min Mat Min Mat Fac Low Low Dat Pro Fac Low Low Zio Pro Fac Upp Upp Zhi Pro Fac Ext Cet Arc Hub Res Qua Sec Peak Influence 2344 | 5 255 198 497 311 701 469 . . . . 1383 . . . . 1545 . . . . 1337 1844 1285 632 2131 1510 1393 2344 Initial 1118 | . 3 24 . 193 55 229 . . . . . . . . . 220 . . . . 48 654 1007 514 221 1118 802 635 Average 677 | 1 113 112 188 242 421 272 . . . . 336 . . . . 979 . . . . 946 1144 1188 599 1222 1254 1161 1473 Maximum Alert Level 5 | . 1 . 2 1 3 2 . . . . 4 . . . . 4 . . . . 4 5 4 2 5 4 4 5 Low Security (%) 23 | 100 79 100 61 41 12 15 . . . . 51 . . . . . . . . . 3 . . . . . . . Level 1 21 | . 20 . 26 58 38 79 . . . . 11 . . . . 20 . . . . . . . . 6 . . . Level 2 11 | . . . 11 . 43 4 . . . . 18 . . . . 9 . . . . 9 8 . 100 4 . . 7 Level 3 13 | . . . . . 5 . . . . . 12 . . . . 20 . . . . 46 36 18 . 34 . 19 22 Level 4 25 | . . . . . . . . . . . 6 . . . . 49 . . . . 39 38 81 . 26 100 80 27 Level 5 3 | . . . . . . . . . . . . . . . . . . . . . . 16 . . 28 . . 32 High Security . | . . . . . . . . . . . . . . . . . . . . . . . . . . . . 10 Max Security . | . . . . . . . . . . . . . . . . . . . . . . . . . . . . . Squads Dispatched 84 | . . . 2 . 4 7 . . . . 12 . . . . 14 . . . . 10 4 . . 9 2 6 14 Investigation 8 | . . . 1 . 1 2 . . . . 3 . . . . 1 . . . . . . . . . . . . Extermination 16 | . . . . . . 3 . . . . 2 . . . . 4 . . . . 1 . . . 1 1 2 2 Reinforcement 32 | . . . 1 . 3 2 . . . . 4 . . . . 2 . . . . 3 2 . . 5 . 2 8 Assault 21 | . . . . . . . . . . . 2 . . . . 6 . . . . 3 2 . . 2 1 2 3 Garrison 7 | . . . . . . . . . . . 1 . . . . 1 . . . . 3 . . . 1 . . 1 Intercept . | . . . . . . . . . . . . . . . . . . . . . . . . . . . . . Construction Impeded 10 | . . . . . 1 1 . . . . 2 . . . . . . . . . . 2 . . 2 . . 2 Haulers Reinforced 6 | . . . . . . 1 . . . . 1 . . . . 2 . . . . 1 . . . 1 . . . Stealth | -11 -10 -10 -9 -9 -8 -7 -7 -7 -7 -6 -6 -6 -6 -6 -5 -5 -5 -5 -5 -4 -4 -4 -4 -4 -4 -3 -3 -3 --------- Run | Scr Mat Min Mat Min Mat Fac Low Low Dat Pro Fac Low Low Zio Pro Fac Upp Upp Zhi Pro Fac Ext Cet Arc Hub Res Qua Sec Distress Signals 26 | . 2 . 1 . 4 . . . . . 2 . . . . 3 . . . . 2 4 1 . 2 1 2 2 Communications Jammed 58 | . . . . . . . . . . . . . . . . 50 . . . . . . . . . . . 8 Distress Signals 58 | . . . . . . . . . . . . . . . . 50 . . . . . . . . . . . 8 Times Spotted 421 | . 16 6 24 9 37 10 . 1 . 1 40 8 8 . 4 39 15 4 . 3 44 30 7 2 24 13 21 55 Peak Tracking Total 11 | . 3 3 8 4 4 2 . 1 . 1 6 3 4 . 5 9 7 3 . 2 5 7 5 1 5 7 5 11 Tactical Retreats 16 | . . . 1 . . . . . . . . . . . 1 3 2 1 . . . 2 . . . . . 6 Traps | -11 -10 -10 -9 -9 -8 -7 -7 -7 -7 -6 -6 -6 -6 -6 -5 -5 -5 -5 -5 -4 -4 -4 -4 -4 -4 -3 -3 -3 ------- Run | Scr Mat Min Mat Min Mat Fac Low Low Dat Pro Fac Low Low Zio Pro Fac Upp Upp Zhi Pro Fac Ext Cet Arc Hub Res Qua Sec Traps Triggered 22 | . 1 . 1 . 3 3 . . . . 1 . . . . 3 . . . . . 3 . . 1 4 . 2 Indirectly . | . . . . . . . . . . . . . . . . . . . . . . . . . . . . . Trap Hack Attempts . | . . . . . . . . . . . . . . . . . . . . . . . . . . . . . Triggered . | . . . . . . . . . . . . . . . . . . . . . . . . . . . . . Disarmed . | . . . . . . . . . . . . . . . . . . . . . . . . . . . . . Reprogrammed . | . . . . . . . . . . . . . . . . . . . . . . . . . . . . . Reused . | . . . . . . . . . . . . . . . . . . . . . . . . . . . . . Traps Extracted . | . . . . . . . . . . . . . . . . . . . . . . . . . . . . . Installed . | . . . . . . . . . . . . . . . . . . . . . . . . . . . . . Triggered . | . . . . . . . . . . . . . . . . . . . . . . . . . . . . . Machines | -11 -10 -10 -9 -9 -8 -7 -7 -7 -7 -6 -6 -6 -6 -6 -5 -5 -5 -5 -5 -4 -4 -4 -4 -4 -4 -3 -3 -3 ---------- Run | Scr Mat Min Mat Min Mat Fac Low Low Dat Pro Fac Low Low Zio Pro Fac Upp Upp Zhi Pro Fac Ext Cet Arc Hub Res Qua Sec Machines Disabled 109 | . 1 . . 1 1 6 . . . . 8 . . . . 18 . . . . 18 3 1 2 17 1 13 19 Max in Single Turn 8 | . . . . 1 1 . . . . . 1 . . . . 8 . . . . 1 2 . . 7 1 1 1 Garrison Access 5 | . . . . . . . . . . . 2 . . . . 1 . . . . . . . . 1 . 1 . Network Hub 1 | . . . . . . . . . . . . . . . . . . . . . . . . . 1 . . . Energy Cycler 2 | . . . . . . . . . . . . . . . . . . . . . . 2 . . . . . . Machines Sabotaged . | . . . . . . . . . . . . . . . . . . . . . . . . . . . . . Garrisons Compromised . | . . . . . . . . . . . . . . . . . . . . . . . . . . . . . Overloaded Fab Kills . | . . . . . . . . . . . . . . . . . . . . . . . . . . . . . Fab Network Shutdowns 1 | . . . . . . . . . . . 1 . . . . . . . . . . . . . . . . . Hacking | -11 -10 -10 -9 -9 -8 -7 -7 -7 -7 -6 -6 -6 -6 -6 -5 -5 -5 -5 -5 -4 -4 -4 -4 -4 -4 -3 -3 -3 --------- Run | Scr Mat Min Mat Min Mat Fac Low Low Dat Pro Fac Low Low Zio Pro Fac Upp Upp Zhi Pro Fac Ext Cet Arc Hub Res Qua Sec Machines Accessed 50 | . 6 1 5 . 8 2 2 . 4 . 10 . 1 1 . 3 . . 4 . . . . . 1 1 1 . Terminals 23 | . 6 . 3 . 7 2 . . . . 5 . . . . . . . . . . . . . . . . . Fabricators 5 | . . . . . . . . . . . 3 . . . . 2 . . . . . . . . . . . . Repair Stations 2 | . . . 1 . 1 . . . . . . . . . . . . . . . . . . . . . . . Recycling Units . | . . . . . . . . . . . . . . . . . . . . . . . . . . . . . Scanalyzers 2 | . . . 1 . . . . . . . . . . . . . . . . . . . . . . 1 . . Garrison Access 5 | . . . . . . . . . . . 2 . . . . 1 . . . . . . . . 1 . 1 . Total Hacks 172 | . 15 1 13 . 31 6 5 . 27 . 37 . 1 2 . 10 . . 17 . . . . . 1 4 2 . Successful 120 | . 9 1 8 . 16 1 5 . 27 . 23 . 1 2 . 7 . . 17 . . . . . . 2 1 . Failed 52 | . 6 . 5 . 15 5 . . . . 14 . . . . 3 . . . . . . . . 1 2 1 . Catastrophic 7 | . . . 1 . 3 1 . . . . 1 . . . . . . . . . . . . . 1 . . . Database Lockouts . | . . . . . . . . . . . . . . . . . . . . . . . . . . . . . Manual 167 | . 14 . 6 . 29 4 . . . . 21 . . . . 18 . . . . 14 8 10 . 10 8 23 2 Terminals 76 | . 15 . 7 . 29 6 . . . . 19 . . . . . . . . . . . . . . . . . Fabricators 23 | . . . . . . . . . . . 15 . . . . 8 . . . . . . . . . . . . Repair Stations 5 | . . . 3 . 2 . . . . . . . . . . . . . . . . . . . . . . . Recycling Units . | . . . . . . . . . . . . . . . . . . . . . . . . . . . . . Scanalyzers 7 | . . . 3 . . . . . . . . . . . . . . . . . . . . . . 4 . . Garrison Access 8 | . . . . . . . . . . . 3 . . . . 2 . . . . . . . . 1 . 2 . Terminal Hacks 74 | . 4 1 1 . 8 1 5 . 27 . 7 . 1 2 . . . . 17 . . . . . . . . . Record 20 | . . . . . . . 4 . 11 . . . . . . . . . 5 . . . . . . . . . Part Schematic 16 | . . . . . . . . . 7 . 3 . . 2 . . . . 4 . . . . . . . . . Robot Schematic 6 | . . . . . . . . . 6 . . . . . . . . . . . . . . . . . . . Robot Analysis 4 | . . . . . . . . . . . . . . . . . . . 4 . . . . . . . . . Prototype ID Bank 7 | . . . . . . . . . 3 . . . . . . . . . 4 . . . . . . . . . Open Door 3 | . . 1 . . . . 1 . . . . . 1 . . . . . . . . . . . . . . . Branch Access Points 3 | . . . . . 1 1 . . . . 1 . . . . . . . . . . . . . . . . . Terminal Index 1 | . . . . . . . . . . . 1 . . . . . . . . . . . . . . . . . Fabricator Index 1 | . . . . . . . . . . . 1 . . . . . . . . . . . . . . . . . Alert Level 3 | . . . . . 3 . . . . . . . . . . . . . . . . . . . . . . . Unreport Threat 2 | . 1 . . . 1 . . . . . . . . . . . . . . . . . . . . . . . Zone Layout 8 | . 3 . 1 . 3 . . . . . 1 . . . . . . . . . . . . . . . . . Fabricator Hacks 13 | . . . . . . . . . . . 8 . . . . 5 . . . . . . . . . . . . Load Schematic 6 | . . . . . . . . . . . 3 . . . . 3 . . . . . . . . . . . . Build 7 | . . . . . . . . . . . 5 . . . . 2 . . . . . . . . . . . . Repair Station Hacks 4 | . . . 2 . 2 . . . . . . . . . . . . . . . . . . . . . . . Scan Component 2 | . . . 1 . 1 . . . . . . . . . . . . . . . . . . . . . . . Repair 2 | . . . 1 . 1 . . . . . . . . . . . . . . . . . . . . . . . Recycling Unit Hacks . | . . . . . . . . . . . . . . . . . . . . . . . . . . . . . Scanalyzer 5 | . . . 3 . . . . . . . . . . . . . . . . . . . . . . 2 . . Insert Component 2 | . . . 1 . . . . . . . . . . . . . . . . . . . . . . 1 . . Analyze 3 | . . . 2 . . . . . . . . . . . . . . . . . . . . . . 1 . . Garrison Access Hacks 4 | . . . . . . . . . . . 2 . . . . 1 . . . . . . . . . . 1 . Seal Access 4 | . . . . . . . . . . . 2 . . . . 1 . . . . . . . . . . 1 . Unauthorized Hacks 20 | . 5 . 2 . 6 . . . . . 6 . . . . 1 . . . . . . . . . . . . Terminals 17 | . 5 . 2 . 6 . . . . . 4 . . . . . . . . . . . . . . . . . Botnet 17 | . 5 . 2 . 6 . . . . . 4 . . . . . . . . . . . . . . . . . Fabricators 3 | . . . . . . . . . . . 2 . . . . 1 . . . . . . . . . . . . Prioritize 2 | . . . . . . . . . . . 1 . . . . 1 . . . . . . . . . . . . Siphon 1 | . . . . . . . . . . . 1 . . . . . . . . . . . . . . . . . Repair Stations . | . . . . . . . . . . . . . . . . . . . . . . . . . . . . . Recycling Units . | . . . . . . . . . . . . . . . . . . . . . . . . . . . . . Scanalyzers . | . . . . . . . . . . . . . . . . . . . . . . . . . . . . . Garrison Access . | . . . . . . . . . . . . . . . . . . . . . . . . . . . . . Data Cores Recovered 3 | . 1 . . . . . . . . . . . . . . . . . . . 1 . . . . . 1 . Used . | . . . . . . . . . . . . . . . . . . . . . . . . . . . . . Hacking Detections 33 | . 6 . 4 . 8 2 . . . . 8 . . . . 3 . . . . . . . . 1 1 . . Full Trace Events 5 | . . . 1 . . 1 . . . . 2 . . . . 1 . . . . . . . . . . . . Feedback Events . | . . . . . . . . . . . . . . . . . . . . . . . . . . . . . Feedback Blocked . | . . . . . . . . . . . . . . . . . . . . . . . . . . . . . Robot Schematics Acquired 15 | . . . . . . . . . 6 . . . . . . . . . . . . . . . . . 9 . Robots Built . | . . . . . . . . . . . . . . . . . . . . . . . . . . . . . Matter . | . . . . . . . . . . . . . . . . . . . . . . . . . . . . . Time . | . . . . . . . . . . . . . . . . . . . . . . . . . . . . . Total Robot Build Rating . | . . . . . . . . . . . . . . . . . . . . . . . . . . . . . Part Schematics Acquired 17 | . . . 1 . . . . . 7 . 3 . . 2 . . . . 4 . . . . . . . . . Parts Built 9 | . . . . . . . . . . . 6 . . . . 3 . . . . . . . . . . . . Matter 950 | . . . . . . . . . . . 570 . . . . 380 . . . . . . . . . . . . Time 343 | . . . . . . . . . . . 195 . . . . 148 . . . . . . . . . . . . Total Part Build Rating 46 | . . . . . . . . . . . 30 . . . . 16 . . . . . . . . . . . . Parts Repaired 2 | . . . 1 . 1 . . . . . . . . . . . . . . . . . . . . . . . Time 64 | . . . 32 . 32 . . . . . . . . . . . . . . . . . . . . . . . Parts Recycled . | . . . . . . . . . . . . . . . . . . . . . . . . . . . . . Recycled Matter . | . . . . . . . . . . . . . . . . . . . . . . . . . . . . . Retrieved Matter . | . . . . . . . . . . . . . . . . . . . . . . . . . . . . . Retrieved Components . | . . . . . . . . . . . . . . . . . . . . . . . . . . . . . Parts Scanalyzed 2 | . . . 1 . . . . . . . . . . . . . . . . . . . . . . 1 . . Part Schematics Acquired 1 | . . . 1 . . . . . . . . . . . . . . . . . . . . . . . . . Parts Damaged . | . . . . . . . . . . . . . . . . . . . . . . . . . . . . . Bothacking | -11 -10 -10 -9 -9 -8 -7 -7 -7 -7 -6 -6 -6 -6 -6 -5 -5 -5 -5 -5 -4 -4 -4 -4 -4 -4 -3 -3 -3 ------------ Run | Scr Mat Min Mat Min Mat Fac Low Low Dat Pro Fac Low Low Zio Pro Fac Upp Upp Zhi Pro Fac Ext Cet Arc Hub Res Qua Sec Used RIF Installer . | . . . . . . . . . . . . . . . . . . . . . . . . . . . . . Robots Hacked . | . . . . . . . . . . . . . . . . . . . . . . . . . . . . . Non-combat . | . . . . . . . . . . . . . . . . . . . . . . . . . . . . . Combat . | . . . . . . . . . . . . . . . . . . . . . . . . . . . . . Robot Hacks Applied . | . . . . . . . . . . . . . . . . . . . . . . . . . . . . . Relay Couplers Released 2 | . . . . . . . . . . . . . . . . . . . . . . . . . 2 . . . Machine Destruction 2 | . . . . . . . . . . . . . . . . . . . . . . . . . 2 . . . Robots Rewired 13 | . . . . . . . . . . . . . . . . . . . . . . 13 . . . . . . Allies Hacked 4 | . . . . . . . . . . . . . . . . 2 . . . . . . . . . . 2 . Hacks Repelled . | . . . . . . . . . . . . . . . . . . . . . . . . . . . . . Allies | -11 -10 -10 -9 -9 -8 -7 -7 -7 -7 -6 -6 -6 -6 -6 -5 -5 -5 -5 -5 -4 -4 -4 -4 -4 -4 -3 -3 -3 -------- Run | Scr Mat Min Mat Min Mat Fac Low Low Dat Pro Fac Low Low Zio Pro Fac Upp Upp Zhi Pro Fac Ext Cet Arc Hub Res Qua Sec Total Allies 62 | . 1 . . 4 . . 2 . . 1 . . 1 4 . 6 . . . . 7 17 5 . 4 4 . 6 Largest Group 14 | . 1 1 1 5 4 1 3 1 1 2 2 1 2 5 5 7 1 1 1 1 4 10 14 14 14 3 3 7 Highest-Rated Group 1232 | . 59 59 68 138 107 94 150 94 94 188 199 113 238 260 261 464 138 137 142 142 447 635 1090 1090 1232 402 404 230 Highest-Rated Ally 210 | . 59 59 68 69 80 94 94 94 94 94 113 113 135 112 113 139 138 137 142 142 173 177 178 177 179 196 207 210 Zionite Dispatches 15 | . . . . . . . . . . . . . . . . 2 . . . . 4 2 2 . 3 2 . . Heavy 8 | . . . . . . . . . . . . . . . . 1 . . . . 1 1 1 . 2 2 . . Light 2 | . . . . . . . . . . . . . . . . . . . . . 1 . 1 . . . . . Recon 1 | . . . . . . . . . . . . . . . . . . . . . . . . . 1 . . . Hacker 1 | . . . . . . . . . . . . . . . . 1 . . . . . . . . . . . . Offense Resupply 1 | . . . . . . . . . . . . . . . . . . . . . . 1 . . . . . . Hover Resupply 2 | . . . . . . . . . . . . . . . . . . . . . 2 . . . . . . . Total Orders 4 | . . . . . . . . . . . . . . . . . . . . . 1 1 . . 2 . . . DROP 2 | . . . . . . . . . . . . . . . . . . . . . 1 1 . . . . . . EXPLORE 2 | . . . . . . . . . . . . . . . . . . . . . . . . . 2 . . . Ally Attacks 1080 | . 29 13 38 23 100 17 . 1 . 2 109 5 13 . 12 95 17 6 . 8 116 104 21 20 133 25 80 93 Total Damage 43708 | . 309 194 622 303 1865 489 . 34 . 45 4380 52 731 . 306 4567 723 292 91 308 5237 5070 827 1355 7044 1597 2106 5161 Kills 328 | . 7 3 13 6 19 6 . . . 1 31 1 5 . 4 35 11 2 . . 32 37 4 4 41 12 18 36 Allies Corrupted 3 | . . . . . . . . . . . . . . . . 1 . . . . . . . . 1 . 1 . Allies Melted . | . . . . . . . . . . . . . . . . . . . . . . . . . . . . . Intel | -11 -10 -10 -9 -9 -8 -7 -7 -7 -7 -6 -6 -6 -6 -6 -5 -5 -5 -5 -5 -4 -4 -4 -4 -4 -4 -3 -3 -3 ------- Run | Scr Mat Min Mat Min Mat Fac Low Low Dat Pro Fac Low Low Zio Pro Fac Upp Upp Zhi Pro Fac Ext Cet Arc Hub Res Qua Sec Robot Analysis Total 4 | . . . . . . . . . . . . . . . . . . . 4 . . . . . . . . . Derelict Logs Recovered 10 | . . 1 . 1 . . 1 1 . 1 . 2 1 1 . . . 1 . . . . . . . . . . Drone Launches 6 | . . . . . . . . . . . . . . . . . . . . . . . . . 3 . 3 . Drone Recoveries 1 | . . . . . . . . . . . . . . . . . . . . . . . . . 1 . . . Zionite Intel Received 10 | . . . . . . . . . . . . . . . . 2 . . . . . . 1 . . 1 6 . Component Stockpiles 1 | . . . . . . . . . . . . . . . . . . . . . . . . . . . 1 . Unaware Schematics 2 | . . . . . . . . . . . . . . . . . . . . . . . . . . . 2 . Unaware Analyses 3 | . . . . . . . . . . . . . . . . 1 . . . . . . . . . . 2 . Trap Installations 1 | . . . . . . . . . . . . . . . . . . . . . . . . . . . 1 . Active Terminals 1 | . . . . . . . . . . . . . . . . . . . . . . . . . . 1 . . Depthwide Sectors/0 2 | . . . . . . . . . . . . . . . . 1 . . . . . . 1 . . . . . Exploration | -11 -10 -10 -9 -9 -8 -7 -7 -7 -7 -6 -6 -6 -6 -6 -5 -5 -5 -5 -5 -4 -4 -4 -4 -4 -4 -3 -3 -3 ------------- Run | Scr Mat Min Mat Min Mat Fac Low Low Dat Pro Fac Low Low Zio Pro Fac Upp Upp Zhi Pro Fac Ext Cet Arc Hub Res Qua Sec Turns Passed 20030 | 89 757 443 726 844 1514 1212 466 822 132 571 1824 586 588 1382 347 1639 608 184 150 245 951 861 158 55 421 559 1060 836 Spaces Moved 13734 | 54 479 265 368 534 788 667 294 514 84 308 907 305 331 898 207 1377 676 189 142 246 882 669 137 41 275 499 965 633 Core 9 | 9 . . . . . . . . . . . . . . . . . . . . . . . . . . . . Treads . | . . . . . . . . . . . . . . . . . . . . . . . . . . . . . Legs 6994 | 45 479 265 368 534 788 667 294 514 84 308 907 305 331 898 207 . . . . . . . . . . . . . Wheels . | . . . . . . . . . . . . . . . . . . . . . . . . . . . . . Hover 6731 | . . . . . . . . . . . . . . . . 1377 676 189 142 246 882 669 137 41 275 499 965 633 Flight . | . . . . . . . . . . . . . . . . . . . . . . . . . . . . . Fastest Speed 50 | 50 120 150 150 150 120 155 156 126 156 156 150 180 150 150 150 68 68 68 68 68 68 68 68 68 68 68 68 68 Average Speed 111 | 112 124 150 150 150 150 155 156 155 156 156 156 180 161 150 150 68 68 68 68 68 68 68 68 68 68 70 68 68 Slowest Speed 290 | 120 150 150 180 150 156 156 156 156 156 156 180 180 180 150 150 68 68 68 68 68 142 68 68 68 68 290 68 68 Overloaded Moves . | . . . . . . . . . . . . . . . . . . . . . . . . . . . . . Propulsion Burnouts . | . . . . . . . . . . . . . . . . . . . . . . . . . . . . . Robots Hopped 1 | . . . . . . . . . . . . . . . . 1 . . . . . . . . . . . . Cave-ins Triggered . | . . . . . . . . . . . . . . . . . . . . . . . . . . . . . Exploration Rate (%) 51 | 4 84 52 38 99 61 20 55 66 69 56 29 44 44 86 48 33 63 33 60 39 20 84 60 64 40 11 83 40 Regions Visited 28 Branch Regions 20 Pre-discovered Areas 20 | . . . . . . . . . 1 . . . 1 1 . 5 . . 3 . . . 9 . . . . . Known Exits Taken 15 | . . . . . . 1 . . . 1 1 1 1 1 1 1 . . . . 1 1 1 1 1 1 1 . Unknown Exits Taken 13 | 1 1 1 1 1 1 . 1 1 1 . . . . . . . 1 1 1 1 . . . . . . . . Scrap Searched 6 | . . . . . . . . . . . . 2 . 2 . . 2 . . . . . . . . . . . Spaces Dug 155 | . . . . . . . . 1 . 4 2 27 16 . . 4 17 . . 8 3 . . . . 7 48 18 Terrain Destroyed 665 | . . . 5 16 25 1 . 1 . 4 11 52 72 . 35 29 21 5 . 13 6 28 . . 158 19 68 96 Melee 13 | . . . . . . . . 1 . 4 2 . 2 . . 4 . . . . . . . . . . . . Projectile 272 | . . . . . 25 1 . . . . 9 1 . . . 8 21 5 . 13 6 . . . 9 19 68 87 AOE 380 | . . . 5 16 . . . . . . . 51 70 . 35 17 . . . . . 28 . . 149 . . 9 Terrain Rammed . | . . . . . . . . . . . . . . . . . . . . . . . . . . . . . Walls Destroyed . | . . . . . . . . . . . . . . . . . . . . . . . . . . . . . Machines Disabled . | . . . . . . . . . . . . . . . . . . . . . . . . . . . . . Actions | -11 -10 -10 -9 -9 -8 -7 -7 -7 -7 -6 -6 -6 -6 -6 -5 -5 -5 -5 -5 -4 -4 -4 -4 -4 -4 -3 -3 -3 --------- Run | Scr Mat Min Mat Min Mat Fac Low Low Dat Pro Fac Low Low Zio Pro Fac Upp Upp Zhi Pro Fac Ext Cet Arc Hub Res Qua Sec Total 17306 | 67 581 283 486 561 1011 808 302 528 85 389 1165 323 366 933 236 2020 789 232 193 295 1128 1035 192 67 473 668 1243 847 Wait 2202 | 1 53 2 57 14 94 68 4 6 2 71 123 4 12 36 22 527 79 38 34 36 130 188 37 22 163 117 178 84 Move 13704 | 53 478 264 367 533 787 666 293 513 83 307 906 304 330 897 206 1374 675 188 141 245 881 668 136 40 274 498 964 633 Hop 1 | . . . . . . . . . . . . . . . . 1 . . . . . . . . . . . . Pick Up 143 | 1 10 1 8 2 19 16 1 . . 2 15 1 4 . 1 17 2 . 3 . 10 8 1 2 6 3 9 1 Fast Attach 97 | 6 2 . 3 . 12 8 . 2 . . 5 . . . . 6 2 . 4 . 12 1 4 . 2 14 3 11 Attach 41 | . . . 4 . 4 2 . 1 . . 4 2 . . . 5 1 . 2 . 3 1 1 . 1 3 4 3 Detach 2 | . 1 . . . . . . . . . . . . . . 1 . . . . . . . . . . . . Swap 126 | . 3 1 7 1 9 7 2 2 . 3 14 1 1 . . 18 4 . 2 . 14 3 4 2 1 4 17 6 Drop 194 | . 4 1 11 2 29 21 2 1 . 1 18 . 3 . 1 24 4 . 6 . 21 10 5 1 8 5 10 6 Fire 600 | 6 30 14 29 9 57 19 . 2 . . 72 11 11 . 5 25 20 6 1 14 57 18 4 . 18 24 57 91 Melee 21 | . . . . . . . . 1 . 5 2 . 5 . 1 7 . . . . . . . . . . . . Ram . | . . . . . . . . . . . . . . . . . . . . . . . . . . . . . Kick 1 | . . . . . . 1 . . . . . . . . . . . . . . . . . . . . . . Crush . | . . . . . . . . . . . . . . . . . . . . . . . . . . . . . Escape Stasis 38 | . . . . . . . . . . . 6 . . . . 13 . . . . . 7 . . . . . 12 Rewire 136 | . . . . . . . . . . . . . . . . 2 2 . . . . 131 . . . . 1 . Trap . | . . . . . . . . . . . . . . . . . . . . . . . . . . . . . Miscellaneous . | . . . . . . . . . . . . . . . . . . . . . . . . . . . . . Route ------- -11/Scrapyard -10/Materials (discovered 3 exits: *Mat x2 / *Min) -10/Mines -9/Materials (discovered 2 exits: [*Min] / Sto) -9/Mines (discovered 2 exits: *Mat x2) -8/Materials (discovered 2 exits: *Fac x2) -7/Factory (discovered 2 exits: *Low x2) -7/Lower Caves -7/Lower Caves (discovered 2 exits: *Fac / *Dat) -7/Data Miner -6/Proximity Caves -6/Factory (discovered 5 exits: *Fac x3 / *Low x2) -6/Lower Caves -6/Lower Caves (discovered 2 exits: *Zio / *Fac) -6/Zion -5/Proximity Caves -5/Factory (discovered 2 exits: *Fac / *Upp) -5/Upper Caves -5/Upper Caves -5/Zhirov -4/Proximity Caves -4/Factory -4/Extension (discovered 3 exits: *Res x2 / *Cet) -4/Cetus -4/Archives -4/Hub_04(d) -3/Research -3/Quarantine -3/Section 7 (discovered 1 exit: [*Res]) History --------- Turn | Location | Event 6 | -11/Scrapyard | Discovered new exit (range 16) 90 | -11/Scrapyard | Entered Materials 215 | -10/Materials | Discovered new exit (range 15) 323 | -10/Materials | Build established: Mutant 466 | -10/Materials | Discovered new exit (range 15) 466 | -10/Materials | Discovered new exit (range 19) 656 | -10/Materials | Core integrity fell below 50% 847 | -10/Materials | Entered Mines 847 | -10/Mines | Accompanied by 1 ally 997 | -10/Mines | Discovered new exit (range 5) 1145 | -10/Mines | Core integrity fell below 20% 1194 | -10/Mines | Found the Drone Emporium 1207 | -10/Mines | Found Prototype Device 1290 | -10/Mines | Entered Materials 1290 | -9/Materials | Accompanied by 1 ally 1290 | -9/Materials | Evolved 2 slots: Utility x2 1291 | -9/Materials | Identified exit to Storage 1293 | -9/Materials | Identified Thief Drone Bay 1848 | -9/Materials | Repaired Imp. Aluminum Leg 1961 | -9/Materials | Discovered new exit (range 7) 2016 | -9/Materials | Entered Mines 2016 | -9/Mines | Accompanied by 1 ally 2030 | -9/Mines | Discovered new exit (range 5) 2067 | -9/Mines | Discovered new exit (range 5) 2070 | -9/Mines | Received a Mining Laser from a helpful Derelict 2097 | -9/Mines | Learned Materials non-interactive machine intel 2118 | -9/Mines | Received a Rocket Launcher from a helpful Derelict 2169 | -9/Mines | Assisted by bots powering up and referring to "LRC-V3" 2860 | -9/Mines | Entered Materials 2860 | -8/Materials | Accompanied by 4 allies 2860 | -8/Materials | Evolved 2 slots: Propulsion x1, Utility x1 2861 | -8/Materials | Loaded intel: 39 non-interactive machine locations 3144 | -8/Materials | Discovered new exit (range 15) 3239 | -8/Materials | Build established: Scavenger-Mutant 3594 | -8/Materials | Discovered new exit (range 3) 3763 | -8/Materials | Build established: Mutant 4045 | -8/Materials | Repaired Cooling System 4374 | -8/Materials | Entered Factory 4374 | -7/Factory | Accompanied by 1 ally 4374 | -7/Factory | Evolved 2 slots: Utility x2 5126 | -7/Factory | Identified exit to Lower Caves 5586 | -7/Factory | Entered Lower Caves 5586 | -7/Lower Caves | Accompanied by 1 ally 5833 | -7/Lower Caves | Learned Factory stockpile data 5869 | -7/Lower Caves | A Commander dispatched an escort 5889 | -7/Lower Caves | Learned Extension garrison access intel 5962 | -7/Lower Caves | Encountered a Warlord checkpoint 6028 | -7/Lower Caves | Discovered new exit (range 9) 6052 | -7/Lower Caves | Entered another Lower Caves area 6052 | -7/Lower Caves | Accompanied by 3 allies 6053 | -7/Lower Caves | Commander's escort returned to base 6053 | -7/Lower Caves | Commander's escort returned to base 6088 | -7/Lower Caves | Discovered new exit (range 8) 6127 | -7/Lower Caves | Learned 12 Factory zone layouts 6659 | -7/Lower Caves | Found Alien Artifact 6659 | -7/Lower Caves | Identified Core Expander 6659 | -7/Lower Caves | Installed Core Expander, added new Power slot 6806 | -7/Lower Caves | Discovered new exit (range 5) 6874 | -7/Lower Caves | Entered Data Miner 6874 | -7/Data Miner | Accompanied by 1 ally 6874 | -7/Data Miner | Discovered new exit (range 6) 6904 | -7/Data Miner | Met Data Miner 6934 | -7/Data Miner | Learned location of Section 7 (-3) 6934 | -7/Data Miner | Acquired the access code to Warlord's prototype stash 6967 | -7/Data Miner | Received God Mode back door access code from Data Miner 7006 | -7/Data Miner | Entered Proximity Caves 7006 | -6/Proximity Caves | Accompanied by 1 ally 7038 | -6/Proximity Caves | Identified exit to Factory 7179 | -6/Proximity Caves | Escorted by Enhanced Grunt 7179 | -6/Proximity Caves | Attracted the attention of an 0b10 checkpoint 7567 | -6/Proximity Caves | Received a Behemoth hack from an annoying Tinkerer 7577 | -6/Proximity Caves | Entered Factory 7577 | -6/Factory | Accompanied by 2 allies 7577 | -6/Factory | Evolved 2 slots: Utility x2 7578 | -6/Factory | Identified exit to Factory 7739 | -6/Factory | Identified exit to Lower Caves 7894 | -6/Factory | Build established: Hacker-Mutant 7911 | -6/Factory | Fabricated Adv. Signal Interpreter (x2) 8196 | -6/Factory | Garrison activated, responded to threat 8583 | -6/Factory | Spotted B-75 Beast 8605 | -6/Factory | Allies destroyed B-75 Beast 8669 | -6/Factory | Build established: Hauler-Mutant 8739 | -6/Factory | Fabricated Cmb. Gravmag System (x2) 8758 | -6/Factory | Incoming investigation squad redirected 8977 | -6/Factory | First assault squad dispatched 8997 | -6/Factory | Incoming assault squad redirected 9004 | -6/Factory | Core integrity fell below 50% 9255 | -6/Factory | Incoming investigation squad redirected 9285 | -6/Factory | Local fabrication network quarantined 9291 | -6/Factory | Fabricated Cmb. Gravmag System (x2) 9401 | -6/Factory | Entered Lower Caves 9401 | -6/Lower Caves | Accompanied by 1 ally 9402 | -6/Lower Caves | Encountered a Warlord checkpoint 9410 | -6/Lower Caves | Learned location of 1 exit from Factory 9898 | -6/Lower Caves | Discovered new exit (range 9) 9911 | -6/Lower Caves | Identified exit to Lower Caves 9945 | -6/Lower Caves | Learned 4 Factory zone layouts 9987 | -6/Lower Caves | Entered another Lower Caves area 9987 | -6/Lower Caves | Accompanied by 1 ally 10295 | -6/Lower Caves | Spotted B-75 Beast 10364 | -6/Lower Caves | 99-TNT showed up to help 10366 | -6/Lower Caves | 99-TNT revealed a hidden path 10398 | -6/Lower Caves | Encountered a Warlord checkpoint 10426 | -6/Lower Caves | Learned location of Zion (-6) 10476 | -6/Lower Caves | Discovered new exit (range 14) 10561 | -6/Lower Caves | Identified exit to Zion 10575 | -6/Lower Caves | Entered Zion 10575 | -6/Zion | Accompanied by 1 ally 10634 | -6/Zion | Discovered new exit (range 16) 10795 | -6/Zion | Learned Factory fabricator intel 11083 | -6/Zion | Learned location of Quarantine (-3) 11238 | -6/Zion | Received a visual enhancement algorithm 11631 | -6/Zion | Imprinted 11633 | -6/Zion | Declared Zion's savior 11940 | -6/Zion | Identified exit to Proximity Caves 11957 | -6/Zion | Entered Proximity Caves 11957 | -5/Proximity Caves | Accompanied by 5 allies 12260 | -5/Proximity Caves | Discovered exit to Factory (range 10) 12304 | -5/Proximity Caves | Entered Factory 12304 | -5/Factory | Accompanied by 5 allies 12304 | -5/Factory | Evolved 2 slots: Propulsion x1, Utility x1 12305 | -5/Factory | Identified exit to Upper Caves 12307 | -5/Factory | Loaded intel: 6 fabricator locations 12328 | -5/Factory | Found Prototype Processor 12328 | -5/Factory | Identified Exp. Signal Interpreter 12463 | -5/Factory | Fabricated Cmb. Gravmag System (x2) 12509 | -5/Factory | Fabricated Lrn. Sensor Array (x1) 12575 | -5/Factory | Zion Heavy squad teleported in 12722 | -5/Factory | Zion Hacker squad teleported in 12805 | -5/Factory | Build established: Machinist-Mutant 12859 | -5/Factory | Retrieved Zion intel report: Depthwide Sectors/0 12930 | -5/Factory | Retrieved Zion intel report: Unaware Analyses 13065 | -5/Factory | Garrison activated, responded to threat 13204 | -5/Factory | First assault squad dispatched 13223 | -5/Factory | Incoming assault squad redirected 13520 | -5/Factory | Incoming assault squad redirected 13530 | -5/Factory | Incoming assault squad redirected 13584 | -5/Factory | Discovered new exit (range 4) 13784 | -5/Factory | Build established: Hauler-Mutant 13800 | -5/Factory | Terminal network hard line cut 13832 | -5/Factory | Incoming assault squad redirected 13943 | -5/Factory | Entered Upper Caves 13943 | -5/Upper Caves | Accompanied by 1 ally 13974 | -5/Upper Caves | Spotted B-75 Beast 14527 | -5/Upper Caves | Discovered new exit (range 8) 14551 | -5/Upper Caves | Entered another Upper Caves area 14551 | -5/Upper Caves | Accompanied by 1 ally 14568 | -5/Upper Caves | Learned Factory stockpile data 14719 | -5/Upper Caves | Discovered new exit (range 5) 14735 | -5/Upper Caves | Entered Zhirov 14735 | -5/Zhirov | Accompanied by 1 ally 14735 | -5/Zhirov | Discovered new exit (range 3) 14748 | -5/Zhirov | Met Zhirov 14762 | -5/Zhirov | Learned location of Testing (-2) 14762 | -5/Zhirov | Learned location of Command (-1) 14768 | -5/Zhirov | Zhirov requested help retrieving the SGEMP Prototype 14779 | -5/Zhirov | Found Alien Artifact 14779 | -5/Zhirov | Identified Integrated Reactor 14779 | -5/Zhirov | Installed Integrated Reactor, increased core energy generation (+10) 14885 | -5/Zhirov | Entered Proximity Caves 14885 | -4/Proximity Caves | Accompanied by 1 ally 15034 | -4/Proximity Caves | Discovered new exit (range 15) 15130 | -4/Proximity Caves | Entered Factory 15130 | -4/Factory | Accompanied by 1 ally 15130 | -4/Factory | Evolved 2 slots: Utility x1, Weapon x1 15220 | -4/Factory | Zion Light squad teleported in 15292 | -4/Factory | Zion Hover Resupply teleported in 15380 | -4/Factory | First assault squad dispatched 15387 | -4/Factory | Discovered new exit (range 15) 15394 | -4/Factory | Zion Hover Resupply teleported in 15397 | -4/Factory | Identified exit to Extension 15406 | -4/Factory | Incoming assault squad redirected 15597 | -4/Factory | Zion Heavy squad teleported in 15627 | -4/Factory | Garrison activated, responded to threat 15677 | -4/Factory | Incoming assault squad redirected 15824 | -4/Factory | Found Prototype Protection 15825 | -4/Factory | Identified Zio. Weapon Casing 15836 | -4/Factory | Found Zio. Weapon Casing 16081 | -4/Factory | Entered Extension 16081 | -4/Extension | Accompanied by 1 ally 16092 | -4/Extension | Rescued a captive Derelict 16101 | -4/Extension | Zion Heavy squad teleported in 16106 | -4/Extension | Rescued a captive Derelict 16331 | -4/Extension | First assault squad dispatched 16348 | -4/Extension | Incoming assault squad redirected 16363 | -4/Extension | Build established: Scavenger-Skirmisher 16555 | -4/Extension | Spotted B-86 Titan 16570 | -4/Extension | Allies destroyed B-86 Titan 16573 | -4/Extension | Discovered new exit (range 16) 16586 | -4/Extension | Zion Offense Resupply teleported in 16602 | -4/Extension | Extracted ID and sensor layout for unrecognized location from A7's data core 16922 | -4/Extension | Discovered new exit (range 10) 16923 | -4/Extension | Discovered new exit (range 6) 16936 | -4/Extension | Identified exit to Cetus 16942 | -4/Extension | Entered Cetus 16942 | -4/Cetus | Accompanied by 9 allies 16956 | -4/Cetus | Spotted Cetus Guard 16956 | -4/Cetus | Spotted Cetus Guard 16958 | -4/Cetus | Spotted Cetus Guard 16959 | -4/Cetus | Spotted Cetus Guard 16963 | -4/Cetus | Destroyed Cetus Guard 16964 | -4/Cetus | Destroyed Cetus Guard 16971 | -4/Cetus | Allies destroyed Cetus Guard 16973 | -4/Cetus | Allies destroyed Cetus Guard 17011 | -4/Cetus | Zion Heavy squad teleported in 17013 | -4/Cetus | Zion Light squad teleported in 17031 | -4/Cetus | Retrieved Zion intel report: Depthwide Sectors/0 17058 | -4/Cetus | Discovered new exit (range 15) 17068 | -4/Cetus | Identified exit to Archives 17100 | -4/Cetus | Entered Archives 17100 | -4/Archives | Accompanied by 14 allies 17130 | -4/Archives | Discovered new exit (range 14) 17145 | -4/Archives | Identified exit to Hub_04(d) 17155 | -4/Archives | Entered Hub_04(d) 17155 | -4/Hub_04(d) | Accompanied by 10 allies 17163 | -4/Hub_04(d) | Zion Heavy squad teleported in 17172 | -4/Hub_04(d) | Zion Heavy squad teleported in 17235 | -4/Hub_04(d) | Zion Recon squad teleported in 17268 | -4/Hub_04(d) | Discovered new exit (range 32) 17291 | -4/Hub_04(d) | Build established: Scavenger-Gunner 17321 | -4/Hub_04(d) | Found Zio. Weapon Casing 17349 | -4/Hub_04(d) | Garrison activated, responded to threat 17399 | -4/Hub_04(d) | Incoming assault squad redirected 17405 | -4/Hub_04(d) | First assault squad dispatched 17433 | -4/Hub_04(d) | Incoming assault squad redirected 17527 | -4/Hub_04(d) | Found Zio. Weapon Casing 17552 | -4/Hub_04(d) | Identified exit to Research 17573 | -4/Hub_04(d) | Network Hub disabled 17576 | -4/Hub_04(d) | Entered Research 17576 | -3/Research | Accompanied by 1 ally 17576 | -3/Research | Evolved 2 slots: Utility x2 17826 | -3/Research | First assault squad dispatched 17870 | -3/Research | Discovered new exit (range 15) 17879 | -3/Research | Identified exit to Quarantine 17902 | -3/Research | Retrieved Zion intel report: Active Terminals 17903 | -3/Research | Zion Heavy squad teleported in 17973 | -3/Research | Found Zio. Weapon Casing 17992 | -3/Research | Zion Heavy squad teleported in 18135 | -3/Research | Entered Quarantine 18135 | -3/Quarantine | Accompanied by 3 allies 18158 | -3/Quarantine | Retrieved Zion intel report: Trap Installations 18278 | -3/Quarantine | Retrieved Zion intel report: Component Stockpiles 18368 | -3/Quarantine | Retrieved Zion intel report: Unaware Schematics 18374 | -3/Quarantine | Met incapacitated Sigix Warrior 18374 | -3/Quarantine | Lockdown squad dispatched 18377 | -3/Quarantine | Retrieved Zion intel report: Unaware Analyses 18379 | -3/Quarantine | Retrieved Zion intel report: Unaware Analyses 18436 | -3/Quarantine | Found Zio. Weapon Casing 18442 | -3/Quarantine | Spotted Lightning 18446 | -3/Quarantine | Spotted Lightning 18449 | -3/Quarantine | Allies destroyed Lightning 18456 | -3/Quarantine | Spotted Lightning 18463 | -3/Quarantine | Allies destroyed Lightning 18464 | -3/Quarantine | Destroyed Lightning 18472 | -3/Quarantine | Found Prototype Device 18475 | -3/Quarantine | Identified Exp. Phase Shifter 18488 | -3/Quarantine | Found Prototype Device 18489 | -3/Quarantine | Identified EM Dispersion Field 18495 | -3/Quarantine | Found Alien Artifact 18495 | -3/Quarantine | Identified Core Reset Matrix 18495 | -3/Quarantine | Used Core Reset Matrix 18499 | -3/Quarantine | Sensed 13 artifacts in vicinity 18566 | -3/Quarantine | Cryocooling Duct disabled 18581 | -3/Quarantine | Ambient heat levels rising (+20) 18581 | -3/Quarantine | Non-combat units ordered to evacuate 18637 | -3/Quarantine | Found Subatomic Replicator 18772 | -3/Quarantine | Retrieved Zion intel report: Unaware Schematics 18885 | -3/Quarantine | First assault squad dispatched 18907 | -3/Quarantine | Incoming assault squad redirected 18922 | -3/Quarantine | Found Hpw. Transdimensional Reconstructor 19015 | -3/Quarantine | Spotted Fortress 19097 | -3/Quarantine | Allies destroyed Fortress 19099 | -3/Quarantine | Lost 3 parts (1n2u) 19101 | -3/Quarantine | Found Prototype Device 19101 | -3/Quarantine | Identified Exp. Force Field 19171 | -3/Quarantine | Discovered new exit (range 5) 19173 | -3/Quarantine | Identified exit to Section 7 19195 | -3/Quarantine | Entered Section 7 19195 | -3/Section 7 | Accompanied by 1 ally 19196 | -3/Section 7 | Sensed 21 artifacts in vicinity 19287 | -3/Section 7 | Found Integrity Redistributor 19395 | -3/Section 7 | Build established: Scavenger-Tank 19415 | -3/Section 7 | Found Integrated Reactor 19415 | -3/Section 7 | Installed Integrated Reactor, increased core energy generation (+10) 19487 | -3/Section 7 | First assault squad dispatched 19537 | -3/Section 7 | Core integrity fell below 50% 19593 | -3/Section 7 | Destroyed 7 combat bots 19614 | -3/Section 7 | Found Integrated Dissipator 19614 | -3/Section 7 | Installed Integrated Dissipator, increased core heat dissipation (+20) 19631 | -3/Section 7 | Spotted S7 Guard 19638 | -3/Section 7 | Found Integrated Singularity Reactor 19638 | -3/Section 7 | Installed Integrated Singularity Reactor, increased core energy generation (+20) 19682 | -3/Section 7 | Spotted B-86 Titan 19692 | -3/Section 7 | Spotted S7 Guard 19714 | -3/Section 7 | Destroyed S7 Guard 19721 | -3/Section 7 | Emitted hypermatrix ping 19726 | -3/Section 7 | Assembled emerged from beneath the floor 19758 | -3/Section 7 | Incoming assault squad redirected 19763 | -3/Section 7 | Found Core Membrane 19763 | -3/Section 7 | Installed Core Membrane, gained immunity to corruption 19789 | -3/Section 7 | Incoming assault squad redirected 19825 | -3/Section 7 | Found Integrated Reactor 19825 | -3/Section 7 | Installed Integrated Reactor, increased core energy generation (+10) 19828 | -3/Section 7 | Discovered new exit (range 5) 19865 | -3/Section 7 | Build established: Scavenger-Gunner 19879 | -3/Section 7 | Destroyed S7 Guard 19883 | -3/Section 7 | Found Prototype Protection 19883 | -3/Section 7 | Identified Hvy. Regenerative Plating 19940 | -3/Section 7 | Garrison activated, responded to threat 19944 | -3/Section 7 | High security lockdown imminent 19960 | -3/Section 7 | Spotted S7 Guard 19964 | -3/Section 7 | Core integrity fell below 20% 19969 | -3/Section 7 | Found Core Regenerator 19969 | -3/Section 7 | Used Core Regenerator, restored core integrity (+325) 19977 | -3/Section 7 | Spotted Alpha 7 19979 | -3/Section 7 | Spotted Alpha 7 19995 | -3/Section 7 | Lost 3 parts (1u2w) 20011 | -3/Section 7 | Spotted B-99 Colossus 20024 | -3/Section 7 | High security lockdown engaged 20031 | -3/Section 7 | Core destroyed Last Messages --------------- 19943_ Penetrated by Slug. 19944_ ALERT: High security lockdown imminent, T-100. 19949_ Zio. Weapon Casing destroyed. 19951_ Y-72 Warden destroyed. 19954_ Suspension Chamber breached. 19962_ ALERT: Hostile activity reported, dispatching reinforcements to area. 19964_ Zio. Phaser-M destroyed. 19964_ ALERT: Hostile activity reported, dispatching reinforcements to area. 19969_ Acquired Core Regenerator. 19969_ Core integrity regenerated (+325). 19982_ ALERT: Hostile activity reported, dispatching reinforcements to area. 19988_ W-44 Eye distress signal jammed. 19994_ ALERT: Machine network offline. 19994_ W-44 Eye distress signal jammed. 19996_ QBKJO9L<0DXJKUA%2N POQ5C06RXQTK#U<&E 20009_ ALERT: Performing unscheduled system reset. 20024_ ALERT: Lockdown in effect, collecting threat data. Map ----- +----------------------------------------------------+ | ???????#""" ?????? ? ?" ???????????????? | | ???????#""" "??????? " "???????????????? | | ?????###""" "????""" "" ????""""????????? | | ###### # """""" ???? ???????? | | / ? ""?"" ?????? | | / ?? "" ?????? | | / "???" " ????? | | / """?" ????? | | /##### # "?" ????? | | #?###""" """"" ?????? | | #???#""" ????? | | #???#""" ????? | | #???#"" ?????? | | " #???#" """"?????????? | | """#???# """""""""""" ###???????????? | | ####???# """""""""""" #?????????????? | | ???????##################### ###++#?????????????? | | ???????????????????????????# #?# #?????????????? | | ???????????????????????????####?# #?????????????? | | ????????????????????????????????# #?????????????? | | ????????????????????????????????# #?????????????? | | ????????????????????????????????# #?????????????? | | ????????????????????????????????# #?????????????? | | ????????????????????????????????# #?????????????? | | ?????????????????????############ #### " ???? | | ?????????????????????# @ ?? | | ?????????????????????# ?? | | ?????????????????????# ###############" ?? | | ?????????????????????# ????????????????? ?? | | ??????????????????!!!# ???????????????????? "??? | | ?????????????????????"???????????????????????????? | | ???????????????????? ????????????????????????????? | | ??????????????????? ????????????????????????????? | | ??????????????????""?????????????????????????????? | | ??????????????????"??????????????????????????????? | | ?????????????????????????????????????????????????? | | ?????????????????????????????????????????????????? | | ?????????????????????????????????????????????????? | | ?????????????????????????????????????????????????? | | ?????????????????????????????????????????????????? | | ?????????????????????????????????????????????????? | | ?????????????????????????????????????????????????? | | ?????????????????????????????????????????????????? | | ?????????????????????????????????????????????????? | | ?????????????????????????????????????????????????? | | ?????????????????????????????????????????????????? | | ?????????????????????????????????????????????????? | | ?????????????????????????????????????????????????? | | ?????????????????????????????????????????????????? | | ?????????????????????????????????????????????????? | +----------------------------------------------------+ Best States ------------- Heat Dissipation 142 Energy Generation 90 Energy Capacity 1010 Matter Stores 300 Matter Capacity 600 Sight Range 16 Robot Scan Range 20 Terrain Scan Density 10 Jamming Range 16 Armor Coverage 600 Resistance: KI 30 Resistance: EM 75 Weapon Shielding 100 Weapon Cycling 20 Phase Shifting 20 Evasion (%) 71 Targeting Accuracy 8 Armor Integrity Analysis 50 Particle Charging 25 Offensive Hacking 22 Defensive Hacking 10 Item Schematics ----------------- None Robot Schematics ------------------ R-06 Scavenger | -3/Quarantine | Z-intel K-01 Serf | -3/Quarantine | Z-intel G-67 Veteran | -3/Quarantine | Z-intel P-70 Sage | -3/Quarantine | Z-intel Fabricated ------------ Adv. Signal Interpreter | x2 | -6/Factory Cmb. Gravmag System | x2 | -6/Factory Cmb. Gravmag System | x2 | -6/Factory Cmb. Gravmag System | x2 | -5/Factory Lrn. Sensor Array | x1 | -5/Factory Alien Tech Used ----------------- Core Expander Integrated Reactor Core Reset Matrix Integrated Dissipator Integrated Singularity Reactor Core Membrane Core Regenerator Achievements -------------- None Challenges ------------ None Player 2 | -11 -10 -10 -9 -9 -8 -7 -7 -7 -7 -6 -6 -6 -6 -6 -5 -5 -5 -5 -5 -4 -4 -4 -4 -4 -4 -3 -3 -3 ---------- Run | Scr Mat Min Mat Min Mat Fac Low Low Dat Pro Fac Low Low Zio Pro Fac Upp Upp Zhi Pro Fac Ext Cet Arc Hub Res Qua Sec Slots Evolved 14 | . . 2 . 2 2 . . . . 2 . . . . 2 . . . . 2 . . . . 2 . . . Power 1 | . . . . 1 . . . . . . . . . . . . . . . . . . . . . . . . Propulsion 3 | . . 1 . . . . . . . 1 . . . . 1 . . . . . . . . . . . . . Utility 8 | . . . . . 2 . . . . 1 . . . . 1 . . . . 2 . . . . 2 . . . Weapon 2 | . . 1 . 1 . . . . . . . . . . . . . . . . . . . . . . . . Parts Attached 240 | . 12 . 14 5 19 17 . . . . 34 1 2 2 1 26 2 1 3 2 24 8 2 . 22 12 16 15 Parts Lost 75 | . . . 2 1 4 5 . . . . 14 . 3 . 1 2 1 1 . 1 5 1 . . 1 . 4 29 Damage Taken 17444 | . 143 18 269 94 511 546 . 15 . 33 1784 180 722 . 95 775 415 41 . 178 1289 358 . . 1380 492 977 7129 Core 2479 | . 82 . 65 61 71 71 . . . 17 354 13 100 . . 37 37 . . 41 . 36 . . 124 23 232 1115 Player 2/Cogmind (%) 72 | . 46 . 71 59 61 63 . . . 68 75 38 64 . . 60 49 . . 63 . 100 . . 74 20 86 88 Absorbed by Shields . | . . . . . . . . . . . . . . . . . . . . . . . . . . . . . Damage Inflicted 21996 | . 309 194 622 164 1593 489 . 34 . . 3214 52 731 . 279 1995 723 292 91 308 2111 935 153 150 1767 352 697 4741 Player 2/Cogmind (%) 46 | . 38 52 53 22 48 41 . 32 . . 54 9 51 . 30 60 59 59 81 42 53 49 24 100 68 18 17 47 Combat Hostiles Destroyed 149 | . 4 3 12 4 12 5 . . . . 17 1 5 . 4 16 11 2 . . 10 1 1 . 5 5 7 24 Player 2/Cogmind (%) 53 | . 44 50 57 50 46 62 . . . . 54 11 41 . 44 61 78 66 . . 52 33 33 . 62 71 87 57 Game ------ Seed MobileScatterFlamer Manual? 0 Play Time 03:16:06 Cumulative 1118.8 hours Start 2020.11.03 @ 20:17:38 End 2020.11.03 @ 23:43:01 Sessions 2 Manual Loads 0 Difficulty Rogue Special Mode AFD2020/Player2 Game No. 365 Rogue 365 Adventurer 0 Explorer 0 Win Type - Total 80 Types 14/9/36/5/1/2/12/0/1 Lore% 96 Gallery% 96 Achievement% 85 Wizard Run 0 Options --------- ASCII 0 Keyboard 0 Movement Numpad Keybinds 0 Fullscreen 1 Font 18/SmallcapsGlow Map View 76x50 Tactical HUD 1 Map Filters NONE Filters NONE Steam 1 RUN: d22c7af8-8af2-4368-a72b-cf1b48d561e3